 Dungeon Crawl Stone Soup version 0.30-a0-728-gc68057be0a (webtiles) character file.

Game seed: 9493084133192923583

68764 octoduck the Fighter (level 14, -4/96 HPs)
             Began as a Gargoyle Earth Elementalist on Jan 31, 2023.
             Was a High Priest of Jiyva.
             Slain by a shambling mangrove (28 damage)
             ... on level 1 of the Swamp.
             The game lasted 01:14:50 (17189 turns).

octoduck the Fighter (Gargoyle Earth Elementalist) Turns: 17189, Time: 01:14:51

Health: -4/96      AC: 20    Str: 14    XL:     14   Next: 78%
Magic:  14/26      EV:  7    Int: 22    God:    Jiyva [*****.]
Gold:   669        SH: 11    Dex: 10    Spells: 4/17 levels left

rFire   . . .      SeeInvis .    t - staff of earth
rCold   . . .      Faith    +    C - +0 kite shield
rNeg    + . .      Spirit   .    z - +0 troll leather armour
rPois   ∞          Reflect  .    (no helmet)
rElec   +          Harm     .    (no cloak)
rCorr   +          Rampage  .    n - +0 pair of gloves
Will    +....      Clarity  +    (no boots)
Stlth   +++                      g - amulet of faith
HPRegen 2.60/turn                G - ring "Kytoecw" {+Blink AC+4 Int+3}
MPRegen 0.65/turn                F - ring of magical power

@: grasped by roots, flying, constricted
A: sickness immunity, AC +10, big wings, negative energy resistance 1,
electricity resistance, torment resistance 1, petrification resistance, fangs 3,
talons 2, clarity, wild magic 1, eyeballs 1, translucent skin 1
}: 1/15 runes: slimy
a: Renounce Religion, Evoke Blink, Oozemancy, Slimify


You were on level 1 of the Swamp.
You worshipped Jiyva.
Jiyva was extremely pleased with you.
You visited 6 branches of the dungeon, and saw 26 of its levels.
You also visited: Gauntlet.

You collected 1040 gold pieces.
You spent 371 gold pieces at shops.

Inventory:

Hand Weapons
 u - a +6 morningstar of electrocution
 B - the +1 morningstar of Sloth {freeze, rC+ Stlth+}
   (You found it on level 3 of the Lair of Beasts)

   rC:        It protects you from cold.
   Stlth:     It makes you more stealthy.
 P - the +8 rapier of the Bespelling Spider {flame, rElec rPois Str+4}
   (You found it on level 5 of the Pits of Slime)

   Str:       It affects your strength (+4).
   rElec:     It insulates you from electricity.
   rPois:     It protects you from poison.
 S - the +8 rapier "Kytzauhi" {freeze, Dex+2}
   (You found it on level 5 of the Pits of Slime)

   Dex:       It affects your dexterity (+2).
Missiles
 H - 5 silver javelins
Armour
 e - a +0 ring mail
 n - a +0 pair of gloves (worn)
 z - a +0 troll leather armour (worn)
 C - a +0 kite shield (worn)
 D - a +0 helmet
 L - a +1 chain mail of fire resistance
 R - the +0 scale mail of an ossuary {rPois rCorr Str-3 SInv}
   (You found it on level 5 of the Pits of Slime)

   Str:       It affects your strength (-3).
   rPois:     It protects you from poison.
   SInv:      It lets you see invisible.
   rCorr:     It protects you from acid and corrosion.
Magical Staves
 t - a staff of earth (weapon)
Jewellery
 d - a ring of positive energy
 g - an amulet of faith (around neck)
 x - a ring of fire
 A - a +4 ring of protection
 F - a ring of magical power (right hand)
 G - the ring "Kytoecw" (left hand) {+Blink AC+4 Int+3}
   (You found it in a Gauntlet)

   [ring of protection]

   AC:        It affects your AC (+4).
   Int:       It affects your intelligence (+3).
   +Blink:    It lets you blink.
 I - the ring of Gozag's Esteem {rPois rN+}
   (You found it in a Gauntlet)

   [ring of poison resistance]

   rPois:     It protects you from poison.
   rN:        It protects you from negative energy.
 Q - the ring "Ybbawk" {Will+ rCorr Str-5 SInv}
   (You found it on level 5 of the Pits of Slime)

   [ring of resist corrosion]

   Str:       It affects your strength (-5).
   SInv:      It lets you see invisible.
   rCorr:     It protects you from acid and corrosion.
   Will:      It increases your willpower.
Wands
 a - a wand of digging (8)
 l - a wand of quicksilver (3)
 y - a wand of roots (16)
 J - a wand of mindburst (5)
Scrolls
 k - 6 scrolls of noise
 o - 2 scrolls of vulnerability
 p - a scroll of fog
 r - 2 scrolls of teleportation
 v - a scroll of enchant armour
 w - 4 scrolls of blinking
 K - a scroll of silence
 V - a scroll of magic mapping
 W - a scroll of amnesia
Potions
 b - a potion of magic
 c - 2 potions of cancellation
 h - 4 potions of curing
 i - 4 potions of invisibility
 j - 2 potions of mutation
 m - 6 potions of attraction
 q - 3 potions of haste
 s - a potion of resistance
 E - a potion of might
 O - a potion of flight
 T - a potion of heal wounds
Miscellaneous
 M - a phial of floods
 N - a piece from Xom's chessboard (15/15)
 U - a phial of floods


   Skills:
 - Level 14.9 Fighting
 + Level 3.9 Maces & Flails
 - Level 6.9 Armour
 - Level 1.5 Dodging
 - Level 2.1 Stealth
 - Level 10.9 Shields
 - Level 2.0 Spellcasting
 - Level 10.0 Conjurations
 - Level 7.6 Translocations
 - Level 5.5 Transmutations
 - Level 5.6 Air Magic
 - Level 11.4 Earth Magic


You had 4 spell levels left.
You knew the following spells:

 Your Spells              Type           Power      Damage    Failure   Level
a - Sandblast             Erth           100%       2d20      1%          1
b - Stone Arrow           Conj/Erth      100%       3d13      2%          3
c - Petrify               Tmut/Erth      67%        N/A       16%         4
d - Blink                 Tloc           92%        N/A       4%          2
e - Vhi's Electric Charg  Tloc/Air       80%        N/A       11%         3

Your spell library contained the following spells:

 Spells                   Type           Power      Damage    Failure   Level
 Momentum Strike          Conj/Tloc      100%       3d10      3%          2
 Passwall                 Tmut/Erth      55%        N/A       3%          2
 Lesser Beckoning         Tloc           92%        N/A       4%          2
 Gell's Gravitas          Tloc           46%        N/A       8%          3
 Teleport Other           Tloc           46%        N/A       8%          3
 Hailstorm                Conj/Ice       31%        3d8       21%         3
 Frozen Ramparts          Ice            4%         1d1       78%         3
 Ice Form                 Ice/Tmut       18%        N/A       82%         4
 Dispel Undead            Necr           2%         3d7       99%         4
 Summon Ice Beast         Ice/Summ       2%         N/A       99%         4
 Iskenderun's Battlesphe  Conj           56%        2d11      22%         5
 Arcjolt                  Conj/Air       23%        1d33      47%         5
 Fireball                 Conj/Fire      15%        3d8       83%         5
 Conjure Ball Lightning   Conj/Air       23%        3x3d6     95%         6
 Orb of Destruction       Conj           28%        9d9       99%         7
 Simulacrum               Ice/Necr       1%         N/A       100%        6
 Maxwell's Capacitive Co  Air            17%        ∞         100%        8
 Sublimation of Blood     Necr           Unusable   N/A       N/A         2

Dungeon Overview and Level Annotations

Branches:
Dungeon (12/15)            Temple (1/1) D:4            Lair (5/5) D:10
  Swamp (1/4) Lair:2       Spider (0/4) Lair:2        Slime (5/5) Lair:4
    Orc (2/2) D:10            Elf (0/3) Orc:2       Gauntlet (visited)

Altars:
Ashenzari
Cheibriados
Dithmenos
Elyvilon
Fedhas
Gozag
Hepliaklqana
Kikubaaqudgha
Makhleb
Nemelex Xobeh
Okawaru
Qazlal
Ru
Sif Muna
Trog
Uskayaw
Vehumet
Wu Jian
Xom
Yredelemnul
Zin
The Shining One
Jiyva

Shops:
D:3 *   D:9 (   D:10 [   Orc:2 *(?:[

Annotations:
D:7 1 runed translucent door, testman's ghost, novice DsGl
Swamp:1 exclusion: will-o-the-wisp, Aizul
Slime:5 Royal Jelly


Innate Abilities, Weirdness & Mutations

You are immune to sickness and miasma.
Your stone body is resilient. (AC +10)
You are immune to poison.
Your large and strong wings let you fly.
You resist negative energy. (rN+)
You are resistant to electric shocks. (rElec)
You are resistant to unholy torment.
You are immune to petrification.
You have razor-sharp teeth.
You have razor-sharp toenails.
You possess an exceptional clarity of mind.
Your spells are a little harder to cast, but a little more powerful.
Your body has grown eyes which may confuse attackers. (Acc +3)
Your translucent skin slightly reduces your foes' accuracy. (Stealth+)


Message History

Confirm with . or Enter, or press ? or * to list all spells.
Aiming: Stone Arrow (mildly dangerous; 2% risk of failure)
Press: ? - help, Shift-Dir - straight line, f/p - shambling mangrove
Aim: a shambling mangrove (moderately damaged, 98% to hit)
You feel a surge of power!
The stone arrow hits the shambling mangrove.
The shambling mangrove is heavily damaged.
Casting: Stone Arrow (mildly dangerous; 2% risk of failure)
Confirm with . or Enter, or press ? or * to list all spells.
Aiming: Sandblast (safe; 1% risk of failure)
Press: ? - help, Shift-Dir - straight line, f/p - shambling mangrove
Aim: a shambling mangrove (heavily damaged, 99% to hit)
You feel a surge of power!
The blast of sand hits the shambling mangrove but does no damage.
The shambling mangrove is heavily damaged.
The grasping roots constrict you!
The shambling mangrove hits you but does no damage.
The grasping roots constrict you.
Casting: Sandblast (safe; 1% risk of failure)
Confirm with . or Enter, or press ? or * to list all spells.
Aiming: Sandblast (safe; 1% risk of failure)
Press: ? - help, Shift-Dir - straight line, f/p - shambling mangrove
Aim: a shambling mangrove (moderately damaged, 99% to hit)
You feel a surge of power!
The blast of sand hits the shambling mangrove!
The shambling mangrove is heavily damaged.
The shambling mangrove hits you!!
You shudder from the blow and a jelly pops out!
The grasping roots constrict you!
* * * LOW HITPOINT WARNING * * *
Casting: Sandblast (safe; 1% risk of failure)
Confirm with . or Enter, or press ? or * to list all spells.
Aiming: Stone Arrow (mildly dangerous; 2% risk of failure)
Press: ? - help, Shift-Dir - straight line, f/p - shambling mangrove
Aim: a shambling mangrove (heavily damaged, ally target, 98% to hit)
You feel a surge of power!
The stone arrow hits the shambling mangrove!!
The shambling mangrove is severely damaged.
The shambling mangrove hits you!!
You die...

♣~~~♣~~.~♣.~~~~.~ ♣♣♣
♣...~...§♣..~.~~~ ♣♣.♣
♣.♣.~~~.~~~.~~~~. ♣~.♣
♣♣.~~.~~~.~§~....♣ ♣~.♣♣
♣♣~.~~§....~.~~~~♣♣
♣.♣.♣ ♣.~.♣~~~~..~~.~~~♣
♣♣♣.♣ ♣♣).~~~~~..~..~.♣♣
♣.♣♣ ♣.Jf§~~~..~...♣♣♣
♣♣.♣♣ ♣♣.@.♣~~~.~~~~♣♣
♣..♣♣ ♣~~~......~~~.♣
♣...♣ ♣♣.~~...♣♣...~§♣
♣♣~.♣♣♣♣..~~~.♣♣♣♣♣.~~♣♣
♣♣♣ ♣..♣♣.~.~~~.♣♣
♣~~..♣ ♣♣.♣♣
♣♣.....~~~~~♣ ♣♣~..♣♣
♣.♣.♣ ♣.♣♣♣.~~.~~♣
♣~.~~♣ ♣♣~~♣
♣♣.♣~~~~♣~~~♣ ♣..~.♣♣
♣♣~♣♣♣.♣♣.~.~~~~.♣
♣.^.~†♣♣


You could see a shambling mangrove (ally target) and a friendly azure jelly
(summoned).

Vanquished Creatures
  Jorgrun (Orc:2)
  A bunyip (Swamp:1)
  A minotaur (Gauntlet)
  4 hydras
  A catoblepas (Lair:4)
  3 two-headed ogres (D:10)
  A tengu warrior (D:12)
  A merfolk avatar (Lair:5)
  4 death yaks (Lair:4)
  A fire crab (Lair:5)
  A goliath frog (Swamp:1)
  A sea snake (Lair:5)
  2 bog bodies (Lair:2)
  3 orc knights (Orc:2)
  A deep elf pyromancer (D:12)
  2 manticores
  An oklob plant (Lair:5)
  4 orc sorcerers
  A will-o-the-wisp (Swamp:1)
  11 elephants
  An ice statue (Gauntlet)
  A black mamba (Lair:1)
  Joseph (D:8)
  7 cane toads
  A torpor snail (Lair:3)
  4 rime drakes
  A kobold demonologist (D:12)
  An unseen horror (D:10)
  4 trolls
  5 komodo dragons
  A tengu conjurer (D:12)
  4 polar bears
  4 hornets
  11 blink frogs
  A snapping turtle (Lair:5)
  2 wind drakes (Lair:5)
  A wraith (D:11)
  48 yaks
  2 spriggans
  A wyvern (Lair:5)
  3 basilisks
  5 vampire mosquitoes
  2 steam dragons (D:8)
  2 redbacks (Lair:2)
  5 wargs (Orc:2)
  9 water moccasins
  26 orc warriors
  A sky beast (D:7)
  2 ice beasts
  A black bear (Lair:2)
  2 ogres
  15 wolves
  6 centaurs
  A kobold brigand (D:7)
  A necrophage (D:6)
  2 gnoll sergeants
  4 scorpions
  6 bullfrogs
  8 wights
  4 killer bees (D:11)
  An electric eel (Lair:1)
  2 howler monkeys
  11 orc priests
  A hound (D:5)
  5 iguanas
  16 orc wizards
  A mummy (D:5)
  10 adders
  16 gnolls
  A white imp (D:8)
  An ufetubus (D:5)
  2 worms
  3 dart slugs
  44 orcs
  4 bats
  4 endoplasms
  3 giant cockroaches
  4 goblins
  3 hobgoblins
  10 jackals
  4 quokkas
  6 ball pythons
  A frilled lizard (D:1)
  2 hobgoblin zombies (D:5)
  10 kobolds
  A kobold zombie (D:5)
  An orc zombie (D:5)
  5 rats
423 creatures vanquished.

Vanquished Creatures (collateral kills)
  Rupert (Lair:4)
  A will-o-the-wisp (Swamp:1)
  A manticore (Lair:5)
  3 elephants (Lair:1)
  3 komodo dragons (Lair:1)
  A rime drake (Lair:5)
  2 hornets (Lair:5)
  A basilisk (Lair:1)
  A water moccasin (Lair:1)
14 creatures vanquished.

Vanquished Creatures (others)
  An orc high priest (Orc:2)
  A black mamba (shapeshifter) (Gauntlet)
  A bloated husk (Swamp:1)
  A troll (Orc:2)
  3 yaks
  A spriggan (shapeshifter) (Gauntlet)
  A basilisk (Lair:1)
  A warg (Orc:2)
  2 water moccasins (Lair:1)
  An orc warrior (Orc:2)
  An ogre (Orc:2)
  A centaur (D:10)
  A bullfrog (Lair:1)
  35 jellies
  A hound (D:5)
  5 orc priests
  5 orc wizards
  2 adders
  2 gnolls
  A dart slug (D:2)
  An endoplasm (D:4)
  13 orcs
  A goblin (D:4)
  A hobgoblin (D:4)
  A quokka (D:4)
  3 training dummies (D:9)
  A kobold (D:2)
  A rat (D:2)
  3 butterflies (Lair:1)
  6 foxfires (Swamp:1)
  35 fungi
  75 plants
  6 withered plants (D:10)
214 creatures vanquished.

Grand Total: 651 creatures vanquished

Notes
Turn   | Place    | Note
-------+----------+-------------------------------------------
     0 | D:1      | octoduck the Gargoyle Earth Elementalist began the quest
                  | for the Orb.
     0 | D:1      | Reached XP level 1. HP: 10/10 MP: 3/3
   187 | D:1      | Reached XP level 2. HP: 15/15 MP: 3/5
   606 | D:1      | Reached XP level 3. HP: 19/19 MP: 2/6
   607 | D:1      | Reached skill level 5 in Earth Magic
   741 | D:1      | Learned a level 3 spell: Stone Arrow
  1087 | D:2      | Reached skill level 1 in Conjurations
  1178 | D:2      | Found a faded altar of an unknown god.
  1186 | D:2      | Prayed at the altar of an unknown god.
  1186 | D:2      | Became a worshipper of Jiyva Jemauczi the Shapeless
  1186 | D:2      | Reached * piety under Jiyva
  1296 | D:2      | Reached XP level 4. HP: 24/24 MP: 5/7
  1785 | D:3      | Found a stormy altar of Qazlal.
  1885 | D:3      | Found a blossoming altar of Fedhas.
  1893 | D:3      | Found Ammyg's Assorted Antiques.
  2012 | D:3      | Reached ** piety under Jiyva
  2189 | D:4      | Noticed a scorpion
  2199 | D:3      | Killed a scorpion
  2200 | D:3      | Reached XP level 5. HP: 28/28 MP: 5/8
  2411 | D:4      | Reached XP level 6. HP: 32/32 MP: 6/9
  2420 | D:4      | Found a staircase to the Ecumenical Temple.
  2641 | D:4      | Reached *** piety under Jiyva
  2839 | D:4      | Found a staircase to the Ecumenical Temple.
  3170 | Temple   | Entered the Ecumenical Temple
  3324 | D:5      | Entered Level 5 of the Dungeon
  3461 | D:5      | Reached XP level 7. HP: 20/36 MP: 8/10
  3562 | D:5      | Reached skill level 5 in Conjurations
  4074 | D:6      | Reached skill level 1 in Armour
  4074 | D:6      | Reached XP level 8. HP: 41/41 MP: 9/11
  4203 | D:6      | Reached **** piety under Jiyva
  4299 | D:6      | Gained mutation: Your translucent skin slightly reduces
                  | your foes' accuracy. (Stealth+) [Jiyva's grace]
  4299 | D:6      | Gained mutation: Your translucent skin reduces your foes'
                  | accuracy. (Stealth+) [Jiyva's grace]
  4299 | D:6      | Gained mutation: Your transparent skin significantly
                  | reduces your foes' accuracy. (Stealth+) [Jiyva's grace]
  4299 | D:6      | Gained mutation: You expend magic power (3 MP) to
                  | strengthen your wands. [Jiyva's grace]
  4680 | D:6      | Found a white marble altar of Elyvilon.
  4751 | D:7      | Found a runed translucent door.
  4752 | D:7      | Noticed testman's ghost (novice DsGl)
  4754 | D:7      | Noticed a yak
  4835 | D:7      | Reached skill level 10 in Earth Magic
  4844 | D:7      | Reached skill level 5 in Armour
  4903 | D:7      | Reached XP level 9. HP: 45/45 MP: 5/12
  5066 | D:7      | Found an iron altar of Okawaru.
  5493 | D:8      | Learned a level 4 spell: Petrify
  5546 | D:8      | Found a shimmering blue altar of Sif Muna.
  5574 | D:8      | Noticed a hornet
  5576 | D:8      | Killed a hornet
  5577 | D:8      | Reached skill level 1 in Fighting
  5577 | D:8      | Reached skill level 1 in Transmutations
  5593 | D:8      | Reached skill level 2 in Fighting
  5754 | D:8      | Reached skill level 3 in Fighting
  5852 | D:8      | Reached ***** piety under Jiyva
  6046 | D:8      | Lost mutation: Your transparent skin significantly reduces
                  | your foes' accuracy. (Stealth+) [Jiyva's grace]
  6046 | D:8      | Gained mutation: Armour fits poorly on your pseudopods.
                  | [Jiyva's grace]
  6046 | D:8      | Gained mutation: Armour fits poorly on your large
                  | pseudopods. [Jiyva's grace]
  6046 | D:8      | Gained mutation: Armour fits poorly on your massive
                  | pseudopods. [Jiyva's grace]
  6046 | D:8      | Gained mutation: Your body has grown eyes which may confuse
                  | attackers. (Acc +3) [Jiyva's grace]
  6458 | D:8      | Noticed Joseph
  6479 | D:8      | Killed Joseph
  6480 | D:8      | Reached skill level 4 in Fighting
  6556 | D:8      | Reached skill level 5 in Fighting
  6556 | D:8      | Reached XP level 10. HP: 57/59 MP: 9/13
  6757 | D:9      | Found a shimmering altar of Xom.
  6790 | D:9      | Reached skill level 6 in Fighting
  7002 | D:9      | You fall into a shaft and drop 3 floors!
  7050 | D:12     | Noticed a deep elf pyromancer
  7130 | D:11     | Reached skill level 7 in Fighting
  7321 | D:10     | Entered Level 10 of the Dungeon
  7321 | D:10     | Noticed a two-headed ogre
  7321 | D:10     | Found Gynworud's Armour Emporium.
  7326 | D:10     | Reached skill level 8 in Fighting
  7328 | D:10     | Killed a two-headed ogre
  7345 | D:10     | Found a staircase to the Orcish Mines.
  7358 | D:10     | Noticed a two-headed ogre
  7373 | D:10     | Found a glowing golden altar of the Shining One.
  7402 | D:10     | Killed a two-headed ogre
  7403 | D:10     | Reached skill level 9 in Fighting
  7403 | D:10     | Reached skill level 5 in Transmutations
  7487 | D:9      | Lost mutation: Armour fits poorly on your massive
                  | pseudopods. [Jiyva's grace]
  7487 | D:9      | Lost mutation: Armour fits poorly on your large pseudopods.
                  | [Jiyva's grace]
  7487 | D:9      | Lost mutation: Your translucent skin reduces your foes'
                  | accuracy. (Stealth+) [Jiyva's grace]
  7487 | D:9      | Gained mutation: Your translucent skin reduces your foes'
                  | accuracy. (Stealth+) [Jiyva's grace]
  7487 | D:9      | Gained mutation: Your transparent skin significantly
                  | reduces your foes' accuracy. (Stealth+) [Jiyva's grace]
  7487 | D:9      | Gained mutation: Your flesh is cold resistant. (rC+)
                  | [Jiyva's grace]
  7487 | D:9      | Gained mutation: Your flesh is very cold resistant. (rC++)
                  | [Jiyva's grace]
  7853 | D:9      | Found a hide-covered altar of Uskayaw.
  7923 | D:9      | Found Ucsuqaup's Firing Range.
  8214 | D:10     | Found an ancient bone altar of Kikubaaqudgha.
  8256 | D:10     | Reached ****** piety under Jiyva
  8377 | D:10     | Noticed a two-headed ogre
  8382 | D:10     | Killed a two-headed ogre
  8383 | D:10     | Reached skill level 10 in Fighting
  8383 | D:10     | Reached XP level 11. HP: 72/72 MP: 8/14
  8412 | D:10     | Found a staircase to the Lair.
  8760 | D:11     | Noticed a manticore
  8767 | D:11     | Killed a manticore
  9077 | D:11     | Learned a level 2 spell: Blink
  9100 | D:12     | Killed a deep elf pyromancer
  9139 | D:12     | Reached skill level 1 in Translocations
  9293 | D:12     | Noticed a tengu warrior
  9317 | D:12     | Killed a tengu warrior
  9318 | D:12     | Reached skill level 11 in Fighting
  9504 | Lair:1   | Entered Level 1 of the Lair of Beasts
  9504 | Lair:1   | Lost mutation: Your flesh is very cold resistant. (rC++)
                  | [Jiyva's grace]
  9504 | Lair:1   | Lost mutation: Your flesh is cold resistant. (rC+) [Jiyva's
                  | grace]
  9504 | Lair:1   | Lost mutation: Your body has grown eyes which may confuse
                  | attackers. (Acc +3) [Jiyva's grace]
  9504 | Lair:1   | Lost mutation: Armour fits poorly on your pseudopods.
                  | [Jiyva's grace]
  9504 | Lair:1   | Lost mutation: Your transparent skin significantly reduces
                  | your foes' accuracy. (Stealth+) [Jiyva's grace]
  9504 | Lair:1   | Gained mutation: You have a pair of small horns on your
                  | head. [Jiyva's grace]
  9504 | Lair:1   | Gained mutation: You have a pair of horns on your head.
                  | [Jiyva's grace]
  9504 | Lair:1   | Gained mutation: You have a pair of large horns on your
                  | head. [Jiyva's grace]
  9504 | Lair:1   | Gained mutation: You are strong-willed. (Will+) [Jiyva's
                  | grace]
  9575 | Lair:1   | Reached skill level 12 in Fighting
  9957 | Lair:1   | Reached XP level 12. HP: 82/82 MP: 13/15
 10223 | Lair:1   | You fall into a shaft and drop 1 floor!
 10441 | Lair:1   | Reached skill level 13 in Fighting
 10585 | Lair:2   | Reached skill level 5 in Translocations
 10631 | Lair:2   | Found a hole to the Spider Nest.
 10722 | Lair:2   | Lost mutation: You have a pair of large horns on your head.
                  | [Jiyva's grace]
 10722 | Lair:2   | Lost mutation: You have a pair of horns on your head.
                  | [Jiyva's grace]
 10722 | Lair:2   | Lost mutation: You expend magic power (3 MP) to strengthen
                  | your wands. [Jiyva's grace]
 10722 | Lair:2   | Gained mutation: Your transparent skin significantly
                  | reduces your foes' accuracy. (Stealth+) [Jiyva's grace]
 10722 | Lair:2   | Gained mutation: Your body has grown eyes which may confuse
                  | attackers. (Acc +3) [Jiyva's grace]
 10722 | Lair:2   | Gained mutation: Your body has grown many eyes which may
                  | confuse attackers. (Acc +5) [Jiyva's grace]
 10722 | Lair:2   | Gained mutation: Your body is covered in eyes which may
                  | confuse attackers. (Acc +7, SInv) [Jiyva's grace]
 10743 | Lair:2   | Found a staircase to the Swamp.
 10746 | Lair:2   | Reached skill level 14 in Fighting
 11291 | Lair:3   | Learned a level 3 spell: Vhi's Electric Charge
 11392 | Lair:3   | Identified the +1 morningstar of Sloth {freeze, rC+ Stlth+}
 11451 | Lair:3   | Reached skill level 1 in Air Magic
 11662 | Lair:3   | Reached skill level 1 in Shields
 11662 | Lair:3   | Reached XP level 13. HP: 91/91 MP: 16/16
 12100 | Lair:4   | Found a viscous altar of Jiyva.
 12125 | Lair:4   | Found a staircase to the Slime Pits.
 12294 | Lair:4   | Reached skill level 5 in Air Magic
 12298 | Lair:4   | Reached skill level 5 in Shields
 12343 | Lair:4   | Found a gate leading to a gauntlet.
 12357 | Gauntlet | Entered a Gauntlet
 12357 | Gauntlet | Found a transporter.
 12357 | Gauntlet | Found a transporter.
 12377 | Gauntlet | Found a transporter.
 12377 | Gauntlet | Found a transporter.
 12389 | Gauntlet | Found a transporter.
 12395 | Gauntlet | Noticed an ettin
 12397 | Gauntlet | Found a transporter.
 12397 | Gauntlet | Found a transporter.
 12401 | Gauntlet | Found a transporter.
 12413 | Gauntlet | Lost mutation: Your transparent skin significantly reduces
                  | your foes' accuracy. (Stealth+) [Jiyva's grace]
 12413 | Gauntlet | Gained mutation: You passively dampen the noise of your
                  | surroundings. [Jiyva's grace]
 12413 | Gauntlet | Gained mutation: You are covered in slimy tendrils that may
                  | disarm your opponents. [Jiyva's grace]
 12413 | Gauntlet | Gained mutation: Your spells are a little harder to cast,
                  | but a little more powerful. [Jiyva's grace]
 12413 | Gauntlet | Gained mutation: Your spells are harder to cast, but more
                  | powerful. [Jiyva's grace]
 12418 | Gauntlet | Noticed a minotaur
 12420 | Gauntlet | an ettin changed into a radroach
 12428 | Gauntlet | Found a transporter.
 12432 | Gauntlet | a five-headed hydra changed into a ghost moth
 12432 | Gauntlet | Noticed a ghost moth (glowing shapeshifter)
 12435 | Gauntlet | Found a transporter.
 12441 | Gauntlet | a six-headed hydra changed into a fire dragon
 12441 | Gauntlet | Noticed a fire dragon (glowing shapeshifter)
 12499 | Gauntlet | Found a transporter.
 12508 | Gauntlet | Found a transporter.
 12522 | Gauntlet | Found a transporter.
 12612 | Gauntlet | Found a transporter.
 12622 | Gauntlet | Found a transporter.
 12636 | Gauntlet | Found a transporter.
 12846 | Gauntlet | Identified the ring "Kytoecw" {+Blink AC+4 Int+3}
 12899 | Gauntlet | Killed a minotaur
 12917 | Gauntlet | Identified the ring of Gozag's Esteem {rPois rN+}
 13162 | Lair:4   | Noticed Rupert
 13187 | Lair:4   | Killed Rupert
 13637 | Slime:1  | Entered Level 1 of the Pits of Slime
 13655 | Slime:2  | Noticed a rockslime
 13655 | Slime:2  | Noticed an acid blob
 13656 | Slime:2  | Noticed an acid blob
 13688 | Slime:3  | Noticed a quicksilver ooze
 13694 | Slime:3  | Noticed an acid blob
 13696 | Slime:3  | Noticed a rockslime
 13697 | Slime:3  | Noticed a quicksilver ooze
 13701 | Slime:3  | Noticed an azure jelly
 13706 | Slime:4  | Noticed a quicksilver ooze
 13707 | Slime:4  | Noticed a quicksilver ooze
 13710 | Slime:5  | Entered Level 5 of the Pits of Slime
 13710 | Slime:5  | Noticed an azure jelly
 13719 | Slime:5  | Noticed a rockslime
 13719 | Slime:5  | Noticed a great orb of eyes
 13726 | Slime:5  | Noticed a great orb of eyes
 13729 | Slime:5  | Found a viscous altar of Jiyva.
 13729 | Slime:5  | Noticed a great orb of eyes
 13729 | Slime:5  | Noticed a rockslime
 13730 | Slime:5  | Noticed an acid blob
 13730 | Slime:5  | Noticed an acid blob
 13730 | Slime:5  | Noticed a great orb of eyes
 13732 | Slime:5  | Noticed an acid blob
 13732 | Slime:5  | Noticed the Royal Jelly
 13732 | Slime:5  | Noticed a quicksilver ooze
 13733 | Slime:5  | Noticed an acid blob
 13733 | Slime:5  | Noticed an acid blob
 13736 | Slime:5  | Noticed an acid blob
 13739 | Slime:5  | Noticed an acid blob
 13740 | Slime:5  | Identified the +2 mace of Insufficient Pleasure {holy,
                  | Int+3}
 13742 | Slime:5  | Identified the +8 rapier of the Bespelling Spider {flame,
                  | rElec rPois Str+4}
 13754 | Slime:5  | Got Afaukuni's Octavo of the Grave
 13756 | Slime:5  | Got a slimy rune of Zot
 13757 | Slime:5  | Identified the ring "Ybbawk" {Will+ rCorr Str-5 SInv}
 13767 | Slime:5  | Identified the +0 scale mail of an ossuary {rPois rCorr
                  | Str-3 SInv}
 13777 | Slime:5  | Identified the +8 rapier "Kytzauhi" {freeze, Dex+2}
 13797 | Slime:5  | Noticed a rockslime
 13809 | Slime:5  | Noticed a rockslime
 13922 | Slime:5  | Noticed a quicksilver ooze
 14025 | Slime:5  | Noticed an acid blob
 14083 | Slime:4  | Noticed an azure jelly
 14084 | Slime:4  | Noticed an azure jelly
 14130 | Lair:5   | Entered Level 5 of the Lair of Beasts
 14431 | Lair:5   | Gained mutation: Your large and strong wings let you fly.
                  | [Gargoyle growth]
 14431 | Lair:5   | Reached XP level 14. HP: 96/96 MP: 17/17
 15068 | Lair:5   | Lost mutation: Your spells are harder to cast, but more
                  | powerful. [Jiyva's grace]
 15068 | Lair:5   | Lost mutation: You are covered in slimy tendrils that may
                  | disarm your opponents. [Jiyva's grace]
 15068 | Lair:5   | Gained mutation: You have sharp toenails. [Jiyva's grace]
 15068 | Lair:5   | Gained mutation: You have razor-sharp toenails. [Jiyva's
                  | grace]
 15068 | Lair:5   | Gained mutation: You have claws for feet. [Jiyva's grace]
 15068 | Lair:5   | Gained mutation: You expend magic power (3 MP) to
                  | strengthen your wands. [Jiyva's grace]
 15240 | Orc:1    | Entered Level 1 of the Orcish Mines
 15500 | Orc:2    | Entered Level 2 of the Orcish Mines
 15523 | Orc:2    | Noticed Saint Roka
 15547 | Orc:2    | Reached skill level 10 in Shields
 15554 | Orc:2    | Slimified Saint Roka
 15554 | Orc:2    | Saint Roka changed into Saint Roka the azure jelly
 15554 | Orc:2    | Noticed Saint Roka
 15568 | Orc:2    | Noticed Jorgrun
 15573 | Orc:2    | Killed Jorgrun
 15941 | Orc:2    | Noticed an orc warlord
 15974 | Orc:2    | Slimified an orc warlord
 15974 | Orc:2    | an orc warlord changed into an azure jelly
 15974 | Orc:2    | Noticed an azure jelly
 16147 | Orc:2    | Found Cyech's Antique Weapon Boutique.
 16220 | Orc:2    | Found a staircase to the Elven Halls.
 16285 | Orc:2    | Found Xarih's Magic Scroll Shop.
 16399 | Orc:2    | Found Loinai's Antique Armour Boutique.
 16414 | Orc:2    | Found Ime Varr's Book Boutique.
 16437 | Orc:2    | Found Meoruac's General Store.
 16656 | Orc:1    | Reached skill level 10 in Conjurations
 16692 | Orc:1    | Lost mutation: You have a pair of small horns on your head.
                  | [Jiyva's grace]
 16692 | Orc:1    | Lost mutation: You have claws for feet. [Jiyva's grace]
 16692 | Orc:1    | Lost mutation: You are strong-willed. (Will+) [Jiyva's
                  | grace]
 16692 | Orc:1    | Lost mutation: Your body is covered in eyes which may
                  | confuse attackers. (Acc +7, SInv) [Jiyva's grace]
 16692 | Orc:1    | Lost mutation: Your body has grown many eyes which may
                  | confuse attackers. (Acc +5) [Jiyva's grace]
 16692 | Orc:1    | Lost mutation: Your translucent skin reduces your foes'
                  | accuracy. (Stealth+) [Jiyva's grace]
 16692 | Orc:1    | Lost mutation: You expend magic power (3 MP) to strengthen
                  | your wands. [Jiyva's grace]
 16692 | Orc:1    | Lost mutation: You passively dampen the noise of your
                  | surroundings. [Jiyva's grace]
 16692 | Orc:1    | Gained mutation: You have very sharp teeth. [Jiyva's grace]
 16692 | Orc:1    | Gained mutation: You have extremely sharp teeth. [Jiyva's
                  | grace]
 16692 | Orc:1    | Gained mutation: You have razor-sharp teeth. [Jiyva's
                  | grace]
 16692 | Orc:1    | Gained mutation: You possess an exceptional clarity of
                  | mind. [Jiyva's grace]
 16768 | Orc:2    | Bought a scroll of blinking for 105 gold pieces
 16768 | Orc:2    | Bought a scroll of enchant armour for 105 gold pieces
 16768 | Orc:2    | Bought a scroll of magic mapping for 105 gold pieces
 16768 | Orc:2    | Bought a scroll of amnesia for 56 gold pieces
 16839 | Swamp:1  | Entered Level 1 of the Swamp
 16885 | Swamp:1  | Reached skill level 1 in Maces & Flails
 17123 | Swamp:1  | Noticed Aizul
 17189 | Swamp:1  | Slain by a shambling mangrove

Illustrated notes

Levels and vault maps discovered:
D:1:      lemuel_arrival_river_bridge, layout_rooms
D:2:      layout_loops_ring, ebering_ecumenical_altar_webs,
          minmay_misc_feat_four_crosses, amcnicky_mini_rare_corridor_liquid
D:3:      layout_rooms, fedhas_altar_3, mainiacjoe_overflow_catwalk,
          serial_shops, shop
D:4:      layout_loops_ring, minmay_temple_entry_sparse_star,
          grunt_decor_arrowhead, hex_medium
D:5:      layout_loops_cross, minmay_mini_ossuary
D:6:      layout_loops_ring, mainiacjoe_overflow_alcove_1,
          kennysheep_generic_room_4
D:7:      layout_rooms, lemuel_crystal_altar, ebering_ghost_inner_flame
D:8:      layout_gridville, nicolae_overflow_hidden_temple, uniq_joseph
D:9:      layout_stronghold, tgw_xom, nicolae_uskayaw_dance_hall,
          serial_co_window_serial, co_window_paths_b, co_window_corner_a,
          co_window_corner_a, co_window_of_opportunity_a, co_window_corner_a,
          co_window_corner_a, co_window_of_opportunity_c, co_window_corner_cb,
          co_window_unsneaky_path_a, co_window_broadway_a, co_window_2corner,
          co_window_corner_b, glass_columns_c, glass_columns_a, glass_columns_a,
          nicolae_shop_firing_range
D:10:     layout_cave_pools, lemuel_tele_altar, kiku_gazebo_garden_becter,
          lair_entry_dummy, orc_0_dummy, serial_shops, nicolae_stop_n_shop_1
D:11:     layout_stronghold, serial_column_ruins, column_ruins_grid_1,
          column_ruins_columns_straight, column_ruins_grid_1,
          column_ruins_columns_dead_end
D:12:     layout_cave_pools
Temple:   dshaligram_water_room_temple
Lair:1:   layout_cave_pods, nicolae_quartered_pool_medium, lemuel_fruit_fields,
          lemuel_fruit_tree
Lair:2:   layout_cave_shapes, skrybe_swamp_entry_bodies, spider_nest_entry_webs,
          grunt_forest_stairs_clearing
Lair:3:   beast_lair_carwin_large_2, layout_chaotic_city
Lair:4:   layout_gridlike, minmay_slime_entry_pillars, gauntlet_entry_generic,
          hibernation_bobbens, uniq_rupert
Lair:5:   gammafunk_lair_ancient_temple, layout_long_grid, serial_bayou_shore_b
Swamp:1:  layout_falls_marsh, evilmike_swamp_ruin_rubble_1, swamp_pool3,
          uniq_aizul
Slime:1:  layout_caves
Slime:2:  layout_caves
Slime:3:  layout_caves
Slime:4:  layout_caves
Slime:5
Orc:1:    layout_caves
Orc:2:    grunt_orc_cross, layout_diamond_mine, serial_shops, shop,
          uniq_jorgrun, uniq_saint_roka

Skill      XL: |  1  2  3  4  5  6  7  8  9 10 11 12 13 14 |
---------------+-------------------------------------------+-----
Earth Magic    | 4 5 6 7 8 10 11 | 11.4
Conjurations   | 1 2 3 4 5 8 10 | 10.0
Armour         | 1 5 6 |  6.9
Fighting       | 5 10 12 14 | 14.9
Transmutations | 2 5 |  5.5
Translocations | 4 6 7 |  7.6
Air Magic      | 3 5 |  5.6
Shields        | 1 8 10 | 10.9
Maces & Flails | 3 |  3.9
Dodging        | |  1.5
Stealth        | |  2.1
Spellcasting   | |  2.0

Action                     |  1- 3 |  4- 6 |  7- 9 | 10-12 | 13-15 || total
---------------------------+-------+-------+-------+-------+-------++-------
  Melee: Mace              |     4 |       |     3 |    40 |       ||    47
         Staff             |       |       |     1 |     7 |     7 ||    15
         Pseudopods        |       |       |       |     1 |       ||     1
         Headbutt          |       |       |       |    15 |    16 ||    31
         Morningstar       |       |       |       |     4 |    41 ||    45
         Punch             |       |       |       |     1 |       ||     1
         Kick              |       |       |       |       |     1 ||     1
   Cast: Sandblast         |    54 |    63 |    98 |   199 |   351 ||   765
         Stone Arrow       |       |       |       |    24 |    91 ||   115
         Petrify           |       |       |       |     1 |       ||     1
         Vhi's Electric Ch |       |       |       |       |     2 ||     2
 Invoke: Oozemancy         |       |       |     2 |     7 |    13 ||    22
         Slimify           |       |       |       |       |     3 ||     3
  Evoke: Wand              |       |       |     2 |     1 |     3 ||     6
    Use: Scroll            |     5 |     4 |     5 |     3 |     4 ||    21
         Potion            |       |       |     4 |       |       ||     4
   Stab: Confused          |       |       |       |       |     2 ||     2
 Armour: Robe              |     7 |    21 |     1 |       |       ||    29
         Leather armour    |       |       |    22 |    15 |       ||    37
         Troll leather arm |       |       |       |   105 |   190 ||   295
  Dodge: Dodged            |    11 |    29 |    51 |   153 |   207 ||   451
  Block: Kite shield       |       |       |       |     1 |   226 ||   227

Table legend: (Time is in decaauts)
 A = Elapsed time spent in this place.
 B = Non-inter-level travel time spent in this place.
 C = Inter-level travel time spent in this place.
 D = Time resting spent in this place.
 E = Time spent auto-exploring this place.
 F = Levels seen in this place.
 G = Mean time per level.
                   A        B        C        D        E       F      G
               +--------+--------+--------+--------+--------+-----+--------+
         Total |  17650 |  16012 |   1638 |   1178 |  10569 |  27 |  653.7 |
       Dungeon |   9564 |   8584 |    980 |    755 |   6046 |  12 |  797.0 |
        Temple |    132 |    110 |     22 |      0 |    100 |   1 |  132.0 |
          Lair |   4870 |   4509 |    361 |    336 |   2743 |   5 |  974.0 |
         Swamp |    355 |    341 |     14 |     14 |    174 |   1 |  355.0 |
    Slime Pits |    482 |    385 |     97 |      0 |    283 |   5 |   96.4 |
  Orcish Mines |   1613 |   1450 |    163 |     49 |    912 |   2 |  806.5 |
      Gauntlet |    630 |    630 |      0 |     24 |    311 |   1 |  630.0 |
               +--------+--------+--------+--------+--------+-----+--------+

Top non-repeatable levels by time:
   Orc:2: 1162 daAuts
  Lair:5: 1137 daAuts
  Lair:3: 1104 daAuts
     D:9: 1083 daAuts
     D:8: 1043 daAuts
     D:1: 1009 daAuts
  Lair:1: 985 daAuts
     D:4: 976 daAuts
  Lair:4: 967 daAuts
    D:11: 892 daAuts
     D:2: 854 daAuts
     D:5: 812 daAuts
     D:7: 788 daAuts
     D:6: 761 daAuts
  Lair:2: 675 daAuts
